 Dungeon Crawl Stone Soup version 0.11.0-9-gb634444 (webtiles) character file.

371 poiuyt0418 the Miscreant (level 5, 0/41 HPs)
             Began as a Minotaur Stalker on Oct 23, 2012.
             Succumbed to an orc's poison
             ... on Level 3 of the Dungeon.
             The game lasted 00:10:54 (2552 turns).

poiuyt0418 the Miscreant (Minotaur Stalker)         Turns: 2552, Time: 00:10:54

HP   0/41        AC  3     Str 15      XL: 5   Next: 73%
MP   1/4         EV 12     Int  7 (9)  God:
Gold 159         SH  0     Dex 12      Spells:  2 memorised,  4 levels left

Res.Fire  : . . .   See Invis. : .   a - +2,+3 dagger {=f}
Res.Cold  : . . .   Warding    : .   b - +0 robe
Life Prot.: . . .   Conserve   : .   (no shield)
Res.Poison: .       Res.Corr.  : .   (helmet restricted)
Res.Elec. : .       Clarity    : .   c - +0 cloak
Sust.Abil.: . .     Spirit.Shd : .   (no gloves)
Res.Mut.  : .       Stasis     : .   (no boots)
Res.Rott. : .       Ctrl.Telep.: .   (no amulet)
Saprovore : . . .   Levitation : .   (no ring) Ctrl.Flight: .
                                     q - ring of sustenance

@: very poisoned, very slightly contaminated, slightly resistant to hostile
enchantments, unstealthy
A: retaliatory headbutt, horns 2
a: no special abilities


You were on level 3 of the Dungeon.
You were not hungry.

You visited 1 branch of the dungeon, and saw 3 of its levels.

You collected 139 gold pieces.

Inventory:

Hand weapons
 a - a +2,+3 dagger (weapon) {=f}
Armour
 b - a +0 robe (worn)
 c - a +0 cloak (worn)
Comestibles
 f - 2 bread rations
 h - an apricot
 j - a sausage
 p - an apple
Scrolls
 g - a scroll of identify
 r - 2 scrolls of remove curse
Jewellery
 q - a ring of sustenance (left hand)
Potions
 e - 3 potions of confusion
 l - 2 potions of might
 n - a potion of cure mutation
 s - a potion of brilliance {unknown}
Books
 d - a book of Stalking

   Spells                             Type                      Level
   *Fulsome Distillation              Transmutation/Necromancy     1
   *Evaporate                         Fire/Transmutation           2
   Passwall                           Transmutation/Earth          3
   Petrify                            Transmutation/Earth          4
   Dig                                Transmutation/Earth          4
 o - a book of the Sky

   Spells                             Type                      Level
   Flight                             Charms/Air                   3
   Insulation                         Charms/Air                   4
   Airstrike                          Air                          4
   Silence                            Hexes/Air                    5
   Deflect Missiles                   Charms/Air                   6
   Conjure Ball Lightning             Conjuration/Air              7
   Tornado                            Air                          9


   Skills:
 + Level 2.4 Fighting
 + Level 2.7 Short Blades
 - Level 2.1 Dodging
 - Level 1.5 Stealth
 + Level 3.7 Stabbing
 + Level 1.9 Spellcasting
 - Level 1.5 Transmutations
 + Level 0.2 Fire Magic


You had 4 spell levels left.
You knew the following spells:

 Your Spells              Type           Power        Failure   Level  Hunger
a - Fulsome Distillation  Trmt/Necr      N/A          30%         1    ##.....
b - Evaporate             Fire/Trmt      #......      47%         2    ###....


Dungeon Overview and Level Annotations

Branches:
Dungeon (3/27)

Altars:


Innate Abilities, Weirdness & Mutations

You reflexively headbutt those who attack you in melee.
You have a pair of horns on your head.


Message History

The orc misses you.
You hit the orc.
The orc is almost dead.
The orc hits you with an orcish dagger of venom.
* * * LOW HITPOINT WARNING * * *
You are more poisoned.
You barely miss the orc.
The orc is almost dead.
* * * LOW HITPOINT WARNING * * *
You feel sick.
The orc hits you with an orcish dagger of venom.
* * * LOW HITPOINT WARNING * * *
You are more poisoned.
Drink which item? (? for menu, Esc to quit)
Okay, then.
Read which item? (? for menu, Esc to quit)
Okay, then.
You hit the orc.
You kill the orc!
You die...

####.## #.....# #+####
#.....# #.....# #..<[.#
#.....# ... #.....# #.....#
........ #.....#####.....#
#.......# #........(+.....#
#.......# #.....#####.....#
#.o.....# #.....# #....@+
#..o.o..# #)....# #....)#
#..o.@..# #.##### #.%...#
#..Ko...# ##.# #.....# #.#
#..# ##)#### ##.# ...#
#####..## #.K# ..##
#.......### #g## ..##
#......([)# ####.##### ...#
####......(#.#####...(....#


There were no monsters in sight!

Vanquished Creatures
  Sigmund (D:3)
  2 orc wizards (D:3)
  An orc priest (D:3)
  2 adders (D:2)
  3 giant geckos
  6 orcs (D:3)
  8 goblins
  4 hobgoblins
  3 jackals (D:2)
  A quokka (D:3)
  2 ball pythons
  7 bats
  5 giant cockroaches
  5 giant newts
  7 kobolds
  3 rats (D:2)
60 creatures vanquished.

Vanquished Creatures (others)
  An orc (D:3)
  A giant newt (D:2)
  3 toadstools
5 creatures vanquished.

Grand Total: 65 creatures vanquished

Notes
Turn   | Place    | Note
--------------------------------------------------------------
     0 | D:1      | poiuyt0418, the Minotaur Stalker, began the quest for the Orb.
     0 | D:1      | Reached XP level 1. HP: 16/16 MP: 1/1
   339 | D:1      | Reached XP level 2. HP: 23/23 MP: 1/1
   343 | D:1      | Learned a level 2 spell: Evaporate
   395 | D:1      | hihot: died to a worm lol
   395 | D:1      | hihot: random time
  1134 | D:2      | Reached XP level 3. HP: 26/28 MP: 2/2
  2040 | D:2      | Reached XP level 4. HP: 33/36 MP: 2/3
  2452 | D:3      | Noticed Sigmund
  2515 | D:3      | Reached skill level 3 in Stabbing
  2523 | D:3      | Reached XP level 5. HP: 34/41 MP: 2/4
  2542 | D:3      | Killed Sigmund
  2551 | D:3      | HP: 1/41 [orc/orcish dagger of venom (5)]
  2552 | D:3      | Succumbed to an orc's poison
